 Dungeon Crawl Stone Soup version 0.27.1-34-g3ba077fa99 (webtiles) character file.

Game seed: 7647859531287859105

117 glarfugus the Grasshopper (level 5, -10/40 HPs)
             Began as a Ghoul Warper on Jan 20, 2022.
             Was a Believer of Hepliaklqana.
             Mangled by an ogre (26 damage)
             ... on level 3 of the Dungeon.
             The game lasted 00:20:47 (2724 turns).

glarfugus the Grasshopper (Ghoul Warper)            Turns: 2724, Time: 00:20:49

Health: -10/40     AC:  4    Str: 15    XL:     5   Next: 1%
Magic:  5/7        EV: 11    Int:  8    God:    Hepliaklqana [**....]
Gold:   127        SH:  0    Dex:  9    Spells: 1/8 levels left

rFire    . . .     SeeInvis .     - Unarmed
rCold    + . .     Faith    .   (no shield)
rNeg     + + +     Spirit   .   a - +0 leather armour
rPois    ∞         Reflect  .   u - +0 helmet
rElec    .         Harm     .   (no cloak)
rCorr    .         Rampage  .   (no gloves)
Will     .....                  (no boots)
Stlth    +.........             (no amulet)
HPRegen  0.00/turn              q - ring of flight
MPRegen  0.10/turn              (no ring)

@: flying, very slightly contaminated, inhibited regen
A: reduced essence, claws 1, cold resistance 1, negative energy resistance 3,
inhibited regeneration, torment resistance 2
a: Renounce Religion, Recall Ancestor, Ancestor Identity


You were on level 3 of the Dungeon.
You worshipped Hepliaklqana.
Hepliaklqana was pleased with you.
You visited 1 branch of the dungeon, and saw 4 of its levels.

You collected 127 gold pieces.

Inventory:

Hand Weapons
 d - a +0 dagger
 g - a +0 short sword
 i - a +0 short sword
 j - a +0 club
 k - a +0 dagger
 p - a +0 dagger
 v - a +1 hand axe of freezing
 y - a +0 dagger
Missiles
 c - 4 boomerangs of dispersal (quivered)
 f - 16 bolts
 h - 127 stones
 w - 7 boomerangs
Armour
 a - a +0 leather armour (worn)
 u - a +0 helmet (worn)
Jewellery
 q - a ring of flight (left claw)
 x - a ring of ice
Scrolls
 b - a scroll of blinking
 l - 2 scrolls of identify {unknown}
 n - a scroll of enchant armour {unknown}
 r - a scroll of acquirement {unknown}
 s - 3 scrolls of vulnerability {unknown}
Potions
 e - a potion of haste {unknown}
 m - 2 potions of invisibility {unknown}
 o - a potion of curing {unknown}
 t - a potion of might {unknown}


   Skills:
 + Level 3.2 Fighting
 + Level 0.9 Throwing
 + Level 1.7 Armour
 + Level 2.3 Dodging
 + Level 0.2 Stealth
 + Level 3.0 Unarmed Combat
 + Level 2.0 Spellcasting
 + Level 3.2 Translocations


You had one spell level left.
You knew the following spells:

 Your Spells              Type           Power      Damage    Failure   Level
a - Blink                 Tloc           N/A        N/A       17%         2
b - Manifold Assault      Tloc           6%         N/A       97%         5

Your spell library contained the following spells:

 Spells                   Type           Power      Damage    Failure   Level
 Gell's Gravitas          Tloc           3%         N/A       34%         3
 Lesser Beckoning         Tloc           3%         N/A       34%         3
 Teleport Other           Tloc           6%         N/A       34%         3


Dungeon Overview and Level Annotations

Branches:
Dungeon (4/15)
 Temple: D:4-7

Altars:
Hepliaklqana
The Shining One

Shops:
D:1 ((?*:


Innate Abilities, Weirdness & Mutations

Your life essence is reduced to manifest your ancestor. (-10% HP)
You thrive by killing the living.
You are immune to poison.
You have sharp fingernails.
Your flesh is cold resistant. (rC+)
You are immune to negative energy. (rN+++)
You do not regenerate when monsters are visible.
You are immune to unholy pain and torment.


Message History

The ogre hits you with a +0 giant spiked club!
* * * LOW HITPOINT WARNING * * *
You see here 12 gold pieces.
Press: ? - help, v - describe, . - travel
Here: an ogre, wielding a +0 giant spiked club (ally target)
The floor.
Casting: Blink (safe; 17% risk of failure)
Confirm with . or Enter, or press ? or * to list all spells.
You blink.
Agathocles hits the ogre with a +0 dagger of draining.
Agathocles casts a spell at the ogre.
The ogre resists with some effort.
There is a stone staircase leading up here.
You fly upwards.
There is a stone staircase leading down here.
Agathocles is recalled.
You start resting.
Magic restored.
You start resting.
HP restored.
There is a stone staircase leading down here.
You fly downwards.
The ogre hits you but does no damage.
The ogre hits you with a +0 giant spiked club!!
Ouch! That really hurt!
There is a stone staircase leading up here.
You scratch the ogre.
The ogre is lightly wounded.
The ogre barely misses you.
Agathocles hits the ogre with a +0 dagger of draining.
Agathocles drains the ogre.
You fly upwards.
There is a stone staircase leading down here.
Casting: Blink (safe; 17% risk of failure)
Confirm with . or Enter, or press ? or * to list all spells.
You miscast Blink.
You are very lightly contaminated with residual magic.
Nothing appears to happen.
The ogre hits you with a +0 giant spiked club!!
Ouch! That really hurt!
You die...

#...# ######## ######...#
#......#
#...##...#####......#
#.#..........#......#
#...##...###........#
###.##.......#......#
#......#...#......#
###....#..O.......#
#....#.@.#......########
###....R.#...##.#.......
#.......................
#....#.....#.###........
#######..#.)......###.......
#............#....###.......
#........)#.................
#.........#.#...#...#.......
######....#.#...............


You could see the friendly Agathocles the hexer and an ogre (drained, ally
target).

Vanquished Creatures
  An adder (D:3)
  A worm (D:3)
  2 dart slugs (D:1)
  2 orcs (D:4)
  4 bats
  4 endoplasms
  A giant cockroach (D:3)
  2 goblins
  2 hobgoblins (D:4)
  A jackal (D:3)
  3 quokkas
  4 ball pythons
  A frilled lizard (D:2)
  3 kobolds
  2 rats
33 creatures vanquished.

Vanquished Creatures (collateral kills)
  An orc wizard (D:4)
  3 adders (D:3)
  2 orcs (D:4)
  A jackal (D:3)
  2 kobolds (D:3)
  A quokka (D:3)
  A ball python (D:1)
  A rat (D:3)
12 creatures vanquished.

Grand Total: 45 creatures vanquished

Notes
Turn   | Place    | Note
-------+----------+-------------------------------------------
     0 | D:1      | glarfugus the Ghoul Warper began the quest for the Orb.
     0 | D:1      | Reached XP level 1. HP: 17/17 MP: 2/2
    55 | D:1      | Found Yskaasah's General Store.
   317 | D:1      | Reached XP level 2. HP: 25/25 MP: 3/3
   326 | D:1      | Learned a level 2 spell: Blink
   400 | D:1      | Found a faded altar of an unknown god.
   406 | D:1      | Found Pinoal's Weapon Boutique.
   408 | D:1      | Became a worshipper of Hepliaklqana the Forgotten
   408 | D:1      | Reached * piety under Hepliaklqana
   415 | D:1      | Reached skill level 1 in Armour
   500 | D:1      | Found Okheir's Weapon Shop.
   655 | D:1      | Found Hyrgh's Book Shoppe.
   834 | D:1      | Found Quceewi's Magic Scroll Emporium.
  1156 | D:2      | Reached ** piety under Hepliaklqana
  1157 | D:2      | Remembered your ancestor Agathocles as a hexer
  1308 | D:3      | Reached XP level 3. HP: 15/27 MP: 1/4
  1915 | D:3      | Reached XP level 4. HP: 32/34 MP: 5/5
  2456 | D:4      | Reached XP level 5. HP: 26/40 MP: 7/7
  2462 | D:4      | Learned a level 5 spell: Manifold Assault
  2477 | D:4      | Noticed an ogre
  2724 | D:3      | Mangled by an ogre

Illustrated notes

Levels and vault maps discovered:
D:1:      kennysheep_arrival_forest, layout_rooms, serial_shops, shop,
          nicolae_shop_waterfront, shop, nicolae_shop_crystal, shop,
          basic_ecumenical_altar
D:2:      layout_loops_corners, basic_altar, grunt_decor_clamped,
          roderic_lattice_a
D:3:      layout_rooms
D:4:      layout_cave_pools, minmay_temple_entry_trees

Skill      XL: |  1  2  3  4 |
---------------+-------------+-----
Dodging        | 2 |  2.3
Armour         | 1 |  1.7
Translocations | 3 |  3.2
Fighting       | 3 |  3.2
Unarmed Combat | 3 |  3.0
Spellcasting   | 2 |  2.0
Throwing       | |  0.9
Stealth        | |  0.2

Action                   |  1- 3 |  4- 6 || total
-------------------------+-------+-------++-------
Melee: Unarmed           |    91 |    50 ||   141
       Punch             |     1 |       ||     1
Throw: Boomerang         |     1 |       ||     1
 Cast: Blink             |     7 |     2 ||     9
Invok: Recall Ancestor   |     1 |     1 ||     2
       Ancestor Life: He |     1 |       ||     1
Armor: Leather armour    |    36 |    11 ||    47
Dodge: Dodged            |    81 |    15 ||    96
